3213 views
Uploaded 2020-02-20 19:02:18
Game version 1.32 / 1.32.1
7:23 long 1on1 ladder game on (2)Amazonia
Saved by TALONSARIMBA
3213 views
Uploaded 2020-02-20 19:02:18
Game version 1.32 / 1.32.1
7:23 long 1on1 ladder game on (2)Amazonia

/ 0k
16 buildings @ 1.5k
/ 0.5k

| Peasant | 10 | 750 | / | 0 |
| Footman | 7 | 945 | / | 0 |
| total: | 17 | 1695g | / | 0w |
| Scout Tower | 5 | 150 | / | 100 |
| Arcane Tower | 1 | 70 | / | 50 |
| Guard Tower | 2 | 140 | / | 100 |
| Altar of Kings | 2 | 360 | / | 100 |
| Farm | 5 | 400 | / | 100 |
| Barracks | 1 | 160 | / | 60 |
| Arcane Vault | 1 | 130 | / | 30 |
| Blacksmith | 1 | 140 | / | 60 |
| Lumber Mill | 1 | 120 | / | 0 |
| Keep | 1 | 320 | / | 210 |
| total: | 16 | 1460g | / | 450w |
| 0:01 | Peasant |
| 0:01 | Peasant |
| 0:05 | Altar of Kings |
| 0:17 | Farm |
| 0:19 | Barracks |
| 0:23 | Peasant |
| 0:35 | Peasant |
| 0:48 | Peasant |
| 0:53 | Farm |
| 1:03 | Peasant |
| 1:17 | Peasant |
| 1:20 | Footman |
| 1:29 | Farm |
| 1:42 | Footman |
| 1:50 | Peasant |
| 1:53 | Scout Tower |
| 2:04 | Summon Water Elemental |
| 2:15 | Footman |
| 2:16 | Peasant |
| 2:38 | Arcane Tower |
| 2:39 | Peasant |
| 3:18 | Brilliance Aura |
| 3:20 | Keep |
| 3:21 | Footman |
| 3:32 | Footman |
| 3:47 | Farm |
| 3:49 | Farm |
| 3:53 | Arcane Vault |
| 4:14 | Footman |
| 5:16 | Footman |
| 5:21 | Blacksmith |
| 5:35 | Scout Tower |
| 5:37 | Scout Tower |
| 6:07 | Lumber Mill |
| 6:44 | Guard Tower |
| 6:47 | Scout Tower |
| 6:49 | Scout Tower |
| 6:53 | Altar of Kings |
| 7:07 | Improved Masonry |
| 7:17 | Guard Tower |
| Right click | 310 |
| Select | 170 |
| Select group | 119 |
| Build/train/purchase | 39 |
| Misc. action | 24 |
| Assign group | 22 |
| Use ability | 1 |
/ 0.2k
8 buildings @ 1.4k
/ 0.4k

| Wisp | 12 | 720 | / | 0 |
| Huntress | 9 | 1755 | / | 180 |
| Glaive Thrower | 1 | 210 | / | 65 |
| total: | 22 | 2685g | / | 245w |
| Altar of Elders | 1 | 180 | / | 50 |
| Moon Well | 4 | 720 | / | 160 |
| Hunter's Hall | 1 | 210 | / | 100 |
| Ancient of War | 2 | 300 | / | 120 |
| total: | 8 | 1410g | / | 430w |
| 0:04 | Altar of Elders |
| 0:06 | Moon Well |
| 0:06 | Wisp |
| 0:19 | Wisp |
| 0:34 | Wisp |
| 0:46 | Wisp |
| 0:55 | Wisp |
| 1:05 | Wisp |
| 1:30 | Hunter's Hall |
| 1:35 | Wisp |
| 1:36 | Wisp |
| 1:48 | Wisp |
| 2:08 | Wisp |
| 2:11 | Ancient of War |
| 2:12 | Ancient of War |
| 2:20 | Entangling Roots |
| 2:22 | Wisp |
| 2:23 | Wisp |
| 2:26 | Moon Well |
| 3:20 | Huntress |
| 3:26 | Moon Well |
| 3:50 | Huntress |
| 4:16 | Huntress |
| 4:30 | Huntress |
| 4:48 | Moon Well |
| 5:08 | Huntress |
| 5:29 | Force of Nature |
| 5:49 | Huntress |
| 6:05 | Huntress |
| 6:26 | Huntress |
| 6:45 | Huntress |
| 7:06 | Glaive Thrower |
| 7:12 | Force of Nature |
| Right click | 689 |
| Select group | 214 |
| Select | 180 |
| Misc. action | 87 |
| Build/train/purchase | 28 |
| Assign group | 13 |
| Use ability | 10 |
| Esc | 1 |
โ